 Dungeon Crawl Stone Soup version 0.20-a0-301-g264e157 (webtiles) character file.

34 Hercules the Insei (level 3, 2/29 HPs)
             Began as a Demonspawn Monk on Dec 16, 2016.
             Was a Believer of Uskayaw.
             Quit the game on level 2 of the Dungeon.
             The game lasted 00:01:29 (1067 turns).

Hercules the Insei (Demonspawn Monk)                Turns: 1067, Time: 00:01:29

Health: 2/29       AC:  2    Str: 12    XL:     3   Next: 14%
Magic:  3/3        EV: 13    Int:  9    God:    Uskayaw [**....]
Gold:   50         SH:  0    Dex: 13    Spells: 2/2 levels left

rFire  . . .     SeeInvis .       - Unarmed
rCold  . . .     Gourm    .     a - +0 robe
rNeg   . . .     Faith    .     (no shield)
rPois  .         Spirit   .     (no helmet)
rElec  .         Reflect  .     (no cloak)
rCorr  .         Harm     .     (no gloves)
MR     .....                    (no boots)
Stlth  ++........               c - amulet of rage
                                (no ring)
                                (no ring)

@: lethally poisoned (2 -> -6)
A: claws 1, hooves 1, clumsy 1, dopey 1
a: Stomp, Line Pass, Renounce Religion, Evoke Berserk Rage


You were on level 2 of the Dungeon.
You worshipped Uskayaw.
Uskayaw was noncommittal.
You were very hungry.

You visited 1 branch of the dungeon, and saw 2 of its levels.

You collected 50 gold pieces.

Inventory:

Armour
 a - a +0 robe (worn)
Jewellery
 c - an amulet of rage (around neck)
Scrolls
 d - a scroll of recharging {unknown}
 e - 3 scrolls of random uselessness {unknown}
 f - a scroll of teleportation {unknown}
 g - a scroll of fear {unknown}
 i - a scroll of magic mapping {unknown}
 k - a scroll of enchant armour {unknown}
Comestibles
 b - 3 bread rations
 j - 3 fruits


   Skills:
 - Level 3.0 Fighting
 - Level 2.6 Dodging
 - Level 1.7 Stealth
 + Level 3.9 Unarmed Combat


You had 2 spell levels left.
You didn't know any spells.

Dungeon Overview and Level Annotations

Branches:
Dungeon (2/15)

Altars:
Uskayaw
Zin


Innate Abilities, Weirdness & Mutations

You have sharp fingernails.
You have large cloven feet.
You are clumsy. (Dex -2)
You are dopey. (Int -2)


Message History

* * * LOW HITPOINT WARNING * * *
You feel sick. The adder misses you.
You barely miss the adder.
The adder is almost dead.
The adder closely misses you. The adder completely misses you.
You barely miss the adder.
The adder is almost dead.
* * * LOW HITPOINT WARNING * * *
You feel sick. The adder barely misses you.
You closely miss the adder.
The adder is almost dead.
The adder closely misses you.
It was a potion of mutation.
You feel extremely strange.
You feel stupid.
You feel clumsy.
* * * LOW HITPOINT WARNING * * *
You feel sick. The adder bites you.
* * * LOW HITPOINT WARNING * * *
You are more poisoned.
The adder poisons you! The adder completely misses you.
Are you sure you want to abandon this character and quit the game? (Confirm with "yes".)

.#.#...#
#.....#
.#.#.#.####
#####.#
.#.........
....#
#...#######
#####..###
...........
..P.P.#
#...#######
#.....#
#..(#
#....!#
#...#
#..SP#
#...# #.@#
#...# ##.#
#...# #.#
#...# #.#
#...# #.#
#...# #.#
...## #.#
...#
#######.#
...#
#.......##


You could see an adder.

Vanquished Creatures
  A howler monkey skeleton (D:2)
  2 dart slugs (D:1)
  A leopard gecko (D:1)
  A giant cockroach (D:1)
  2 goblins (D:1)
  2 hobgoblins (D:1)
  2 jackals (D:1)
  2 kobolds
  A quokka (D:2)
  A bat (D:2)
  5 rats
20 creatures vanquished.

Notes
Turn   | Place    | Note
-------+----------+-------------------------------------------
     0 | D:1      | Hercules the Demonspawn Monk began the quest for the Orb.
     0 | D:1      | Reached XP level 1. HP: 18/18 MP: 1/1
   322 | D:1      | Gained mutation: You have sharp fingernails. [demonic ancestry]
   322 | D:1      | Reached XP level 2. HP: 24/24 MP: 2/2
  1023 | D:2      | Found a hide-covered altar of Uskayaw.
  1026 | D:2      | Found a glowing silver altar of Zin.
  1030 | D:2      | Became a worshipper of Uskayaw the Reveler
  1030 | D:2      | Reached * piety under Uskayaw
  1053 | D:2      | Gained mutation: You have large cloven feet. [demonic ancestry]
  1053 | D:2      | Reached XP level 3. HP: 18/29 MP: 3/3
  1055 | D:2      | Reached ** piety under Uskayaw
  1066 | D:2      | Gained mutation: You are dopey. (Int -2) [potion of mutation]
  1066 | D:2      | Gained mutation: You are clumsy. (Dex -2) [potion of mutation]
  1067 | D:2      | Quit the game

Vault maps used:
D:1:      shiori_arrival_oz
D:2:      grunt_temple_overflow_open, serial_undead, serial_undead_a,
          serial_undead_d, serial_undead_e, serial_undead_b, first_bread,
          grunt_qazlal_clouds, uniq_terence

Skill      XL: |  1 |
---------------+----+-----
Unarmed Combat | 3 |  3.9
Fighting       | |  3.0
Dodging        | |  2.6
Stealth        | |  1.7

Action                   || total
-------------------------++-------
Melee: Unarmed           ||    97
       Kick              ||     3
 Abil: Evoke Berserk Rag ||     1
  Use: Potion            ||     2
 Stab: Sleeping          ||     3
Armor: Robe              ||    14
Dodge: Dodged            ||    59
